 Dungeon Crawl Stone Soup version 0.28-a0-802-g09f76e8c00 (webtiles) character file.

Game seed: 15436197509791866671

347 ragingrage the Ruffian (level 6, -1/47 HPs)
             Began as a Demonspawn Chaos Knight on Nov 6, 2021.
             Was a Plaything of Xom.
             Slain by a red devil (14 damage)
             ... summoned by Xom
             ... on level 3 of the Dungeon.
             The game lasted 00:03:51 (2414 turns).

ragingrage the Ruffian (Demonspawn Chaos Knight)    Turns: 2414, Time: 00:03:52

Health: -1/47      AC:  7    Str: 15    XL:     6   Next: 32%
Magic:  6/6        EV: 15    Int: 13    God:    Xom [*.....]
Gold:   115        SH:  0    Dex: 12    Spells: 5/5 levels left

rFire   + . .      SeeInvis .     - Unarmed
rCold   + . .      Faith    .   (no shield)
rNeg    . . .      Spirit   .   a - +3 leather armour
rPois   .          Reflect  .   h - +0 helmet
rElec   .          Harm     .   m - scarf {rC+ rF+}
rCorr   .          Rampage  .   (no gloves)
Will    .....                   (no boots)
Stlth   +.........              (no amulet)
HPRegen 0.15/turn               d - +4 ring of evasion
MPRegen 0.10/turn               (no ring)

@: lethally poisoned (-1 -> -23), spiked
A: claws 1, hooves 1, powered by death 1, spiny 1
a: Renounce Religion


You were on level 3 of the Dungeon.
You worshipped Xom.
You were a special plaything of Xom.
You visited 1 branch of the dungeon, and saw 3 of its levels.

You collected 115 gold pieces.

Inventory:

Missiles
 n - 6 poisoned darts (quivered)
Armour
 a - a +3 leather armour (worn)
 h - a +0 helmet (worn)
 m - a scarf of resistance (worn)
Jewellery
 d - a +4 ring of evasion (left claw)
 e - a ring of resist corrosion
Wands
 b - a wand of flame (12)
Scrolls
 f - a scroll of identify
 i - a scroll of immolation {unknown}
 j - a scroll of teleportation {unknown}
 k - a scroll of noise {unknown}
 o - a scroll of brand weapon
Potions
 g - a potion of attraction {unknown}
 l - a potion of haste


   Skills:
 - Level 3.0 Fighting
 - Level 1.7 Armour
 - Level 0.8 Dodging
 * Level 6.5 Unarmed Combat


You had 5 spell levels left.
You didn't know any spells.
Your spell library contained the following spells:

 Spells                   Type           Power      Damage    Failure   Level
 Beastly Appendage        Tmut           0%         N/A       36%         1


Dungeon Overview and Level Annotations

Branches:
Dungeon (3/15)

Altars:

Shops:
D:2 *


Innate Abilities, Weirdness & Mutations

You have sharp fingernails.
You have large cloven feet.
You regenerate a little health from kills.
You are partially covered in sharp spines.


Message History

No target in view!
You feel sick.
Things that are here:
a +0 short sword; 6 poisoned darts; a kobold corpse You feel sick.
You feel sick.
You are no longer poisoned.
Things that are here:
a +0 short sword; 6 poisoned darts; a kobold corpse
n - 6 poisoned darts You see here a +0 pair of boots.
o - a scroll labelled WAEHUSITRA
There is a stone staircase leading up here.
You see here a +0 club.
You see here a +0 club.
You hear Xom's maniacal laughter.
You are now a special plaything of Xom.
There are monsters nearby!
You claw the ufetubus!
You kill the ufetubus!
The ufetubus disappears in a puff of smoke!
As you read the scroll labelled NUBLOSHR KUGI, it crumbles to dust.
It is a scroll of enchant armour.
Your +2 leather armour glows green for a moment.
The orange demon stings you from afar!
You are poisoned.
The orange demon poisons you!
The red devil hits you from afar with a +0 trident!
Barbed spikes become lodged in your body.
The shadow imp gestures at you. Pain shoots through your body!
Unknown command.
As you read the scroll labelled SASYSI BIMU, it crumbles to dust.
It is a scroll of identify.
o - a scroll of brand weapon
* * * LOW HITPOINT WARNING * * *
You feel extremely sick. The orange demon misses you.
The red devil hits you from afar with a +0 trident!
You die... "Boring in life, boring in death..."

#......# ##.
###.##)###
#.. #.##...#
#.#
#.####.##
#.#
#...##..#
#.#
###.###.#
#.# #4#
#.### ##.#
#.# #...#
#..#
#@#####.##
#.#. #..4#
#..######.#.
###5#
##....#.....
#.#
####.#.##.#
#.###
#.#....#
#...#
#....###
###.##
#...)### ###
#..#
#.##.).# ..#
##.##
#....#..


You could see an orange demon (summoned), a red devil (summoned) and a shadow
imp (summoned).

Vanquished Creatures
  Sigmund (D:2)
  A phantom (D:3)
  An orc wizard (D:3)
  Robin (D:2)
  3 adders
  An ufetubus (D:2)
  2 worms (D:2)
  A dart slug (D:3)
  2 orcs (D:3)
  5 ball pythons
  4 endoplasms
  A giant cockroach (D:3)
  10 goblins
  3 hobgoblins
  2 jackals (D:3)
  7 kobolds
  A quokka (D:2)
  4 bats
  2 frilled lizards
  5 rats
57 creatures vanquished.

Vanquished Creatures (others)
  2 fungi (D:1)
  2 plants (D:1)
4 creatures vanquished.

Grand Total: 61 creatures vanquished

Notes
Turn   | Place    | Note
-------+----------+-------------------------------------------
     0 | D:1      | ragingrage the Demonspawn Chaos Knight began the quest for
                  | the Orb.
     0 | D:1      | Reached XP level 1. HP: 18/18 MP: 1/1
   122 | D:1      | XOM: noise
   123 | D:1      | Reached skill level 3 in Unarmed Combat
   245 | D:1      | XOM: noise
   254 | D:1      | Gained mutation: You regenerate a little health from kills.
                  | [demonic ancestry]
   254 | D:1      | Reached XP level 2. HP: 22/24 MP: 2/2
   494 | D:1      | Found a faded altar of an unknown god.
   530 | D:1      | Got Plato's Volume of Transmutation
   701 | D:2      | Noticed Robin
   707 | D:2      | XOM: cast spell 'Shadow Creatures'
   772 | D:2      | Found Babb's General Store.
   898 | D:2      | XOM: enchant monster (bad)
   905 | D:2      | Killed Robin
   906 | D:2      | Discovered your monstrous ancestry.
   906 | D:2      | Gained mutation: You have large cloven feet. [demonic
                  | ancestry]
   906 | D:2      | Reached XP level 3. HP: 21/29 MP: 3/3
   912 | D:2      | Reached skill level 4 in Unarmed Combat
   954 | D:2      | XOM: cloud trail
  1003 | D:2      | XOM: noise
  1752 | D:3      | XOM is BORED!
  1752 | D:3      | XOM: noise
  1758 | D:3      | XOM: potion effect (curing)
  1758 | D:3      | Noticed Sigmund
  1759 | D:3      | Gained mutation: You have sharp fingernails. [demonic
                  | ancestry]
  1759 | D:3      | Reached XP level 4. HP: 35/35 MP: 4/4
  1821 | D:3      | XOM: divination: detect items
  1838 | D:2      | Killed Sigmund
  1839 | D:2      | Reached skill level 5 in Unarmed Combat
  1839 | D:2      | Gained mutation: You are partially covered in sharp spines.
                  | [demonic ancestry]
  1839 | D:2      | Reached XP level 5. HP: 19/41 MP: 5/5
  1994 | D:3      | Reached skill level 6 in Unarmed Combat
  2127 | D:3      | XOM: 8-stop teleportation journey
  2164 | D:3      | Reached XP level 6. HP: 39/47 MP: 6/6
  2283 | D:3      | XOM: summons 2 hostile shadow creatures
  2411 | D:3      | XOM: summons 4 hostile demons
  2412 | D:3      | Noticed an orange demon
  2412 | D:3      | Noticed a red devil
  2414 | D:3      | Slain by a red devil

Illustrated notes

Levels and vault maps discovered:
D:1:      lemuel_arrival_rhombus, layout_basic,
          shapermc_ecumenical_altar_rom_forum
D:2:      layout_basic, serial_shops, shop_statue, uniq_robin
D:3:      layout_rooms, uniq_sigmund

Skill      XL: |  1  2  3  4  5 |
---------------+----------------+-----
Unarmed Combat | 3 4 5 6 |  6.5
Fighting       | |  3.0
Armour         | |  1.7
Dodging        | |  0.8

Action                   |  1- 3 |  4- 6 || total
-------------------------+-------+-------++-------
Melee: Unarmed           |   144 |    49 ||   193
       Kick              |     6 |    10 ||    16
       Punch             |       |     2 ||     2
  Use: Potion            |       |     2 ||     2
       Scroll            |       |     2 ||     2
 Stab: Sleeping          |     1 |     1 ||     2
Armor: Leather armour    |    43 |    14 ||    57
Dodge: Dodged            |   100 |    32 ||   132

Table legend: (Time is in decaauts)
 A = Elapsed time spent in this place.
 B = Non-inter-level travel time spent in this place.
 C = Inter-level travel time spent in this place.
 D = Time resting spent in this place.
 E = Time spent auto-exploring this place.
 F = Levels seen in this place.
 G = Mean time per level.
                   A        B        C        D        E       F      G
               +--------+--------+--------+--------+--------+-----+--------+
         Total |   2401 |   2311 |     90 |    208 |   1649 |   3 |  800.3 |
       Dungeon |   2401 |   2311 |     90 |    208 |   1649 |   3 |  800.3 |
               +--------+--------+--------+--------+--------+-----+--------+

Top non-repeatable levels by time:
     D:2: 1253 daAuts
     D:1: 716 daAuts
     D:3: 431 daAuts
